SR
STATEN ISLAND PIZZA RATS @ AMARILLO WARHEADS
09/12/2032
 
TOP OF THE 1ST
Staten Island Pizza Rats batting - Pitching for Amarillo Warheads : RHP César Morales
Pitching: RHP César Morales
Batting: LHB Dallas McMurran 0-0: Foul Ball, location: 2F
0-1: Called Strike
0-2: Ball
1-2: Ball
2-2: Ball
3-2: Foul Ball, location: 2F
3-2: Fly out, F9 (Flyball, 89S)
Batting: SHB Cheong-hun Kang 0-0: Ball
1-0: SINGLE (Line Drive, 6D)
Batting: RHB Héctor Amaya 0-0: Ball
1-0: Foul Ball, location: 2F
1-1: Ball
2-1: Swinging Strike
2-2: DOUBLE (Line Drive, 7LS)
Cheong-hun Kang to third
Runner from 3rd tries for Home, SAFE, no throw
Batting: RHB John Mayasich 0-0: Ball
1-0: Ball
2-0: Called Strike
2-1: SINGLE (Flyball, 89M) - OUT at second base trying to stretch hit.
Héctor Amaya scores
Batting: LHB Ryan Dudley 0-0: Ball
1-0: Ball
2-0: Called Strike
2-1: Foul Ball, location: 2F
2-2: Strikes out swinging
Top of the 1st over - 2 runs, 3 hits, 0 errors, 0 left on base; Staten Island 2 - Amarillo 0
BOTTOM OF THE 1ST
Amarillo Warheads batting - Pitching for Staten Island Pizza Rats : RHP Teok-kyu Ch'oe
Pitching: RHP Teok-kyu Ch'oe
Batting: RHB Geoff May 0-0: Foul Ball, location: 2F
0-1: Ball
1-1: Swinging Strike
1-2: Strikes out looking
Batting: RHB Scott Pearson 0-0: Ball
1-0: Called Strike
1-1: Swinging Strike
1-2: Ball
2-2: Foul Ball, location: 2F
2-2: Strikes out looking
Batting: SHB John Wilder 0-0: Swinging Strike
0-1: Foul Ball, location: 2F
0-2: Strikes out swinging
Bottom of the 1st over - 0 runs, 0 hits, 0 errors, 0 left on base; Staten Island 2 - Amarillo 0
TOP OF THE 2ND
Staten Island Pizza Rats batting - Pitching for Amarillo Warheads : RHP César Morales
Batting: RHB Jeff Perkins 0-0: Called Strike
0-1: Fly out, F8 (Flyball, 8RD)
Batting: LHB Don Mosley 0-0: Ground out 6-3 (Groundball, 4MD)
Batting: LHB Andrés Rodríguez 0-0: Foul Ball, location: 2F
0-1: Swinging Strike
0-2: Strikes out swinging
Top of the 2nd over - 0 runs, 0 hits, 0 errors, 0 left on base; Staten Island 2 - Amarillo 0
BOTTOM OF THE 2ND
Amarillo Warheads batting - Pitching for Staten Island Pizza Rats : RHP Teok-kyu Ch'oe
Batting: RHB Salvadaro Sarachaga 0-0: Ball
1-0: Ground out 6-3 (Groundball, 6)
Batting: RHB Joe Rodgers 0-0: Swinging Strike
0-1: Called Strike
0-2: Ball
1-2: Ball
2-2: SINGLE (Flyball, 8LS)
Batting: SHB Takechi Yamashita 0-0: Called Strike
0-1: Ball
1-1: Ball
2-1: Ball
3-1: Swinging Strike
3-2: Strikes out swinging
Batting: RHB Kevin Bates 0-0: Ball
1-0: Ball
2-0: Swinging Strike
2-1: Ball
3-1: Base on Balls
Joe Rodgers to second
Batting: RHB John Steele 0-0: Ball
1-0: Ball
2-0: Foul Ball, location: 2F
2-1: Ball
3-1: Foul Ball, location: 2F
3-2: Strikes out swinging
Bottom of the 2nd over - 0 runs, 1 hit, 0 errors, 2 left on base; Staten Island 2 - Amarillo 0
TOP OF THE 3RD
Staten Island Pizza Rats batting - Pitching for Amarillo Warheads : RHP César Morales
Batting: RHB Carlos Gonzáles 0-0: Ball
1-0: Foul Ball, location: 2F
1-1: Ball
2-1: SINGLE (Line Drive, 34)
Batting: LHB Dallas McMurran 0-0: Ball
1-0: Called Strike
1-1: Ball
Balk!
Carlos Gonzáles to second
2-1: Called Strike
2-2: 2-RUN HOME RUN (Flyball, 7LD), Distance : 343 ft
Batting: SHB Cheong-hun Kang 0-0: Foul Ball, location: 2F
0-1: Swinging Strike
0-2: Ball
1-2: SINGLE (Flyball, 78S)
Batting: RHB Héctor Amaya 0-0: Ball
1-0: Swinging Strike
1-1: Foul Ball, location: 2F
1-2: Strikes out swinging
Batting: RHB John Mayasich 0-0: Ball
1-0: Foul Ball, location: 2F
1-1: Ball
Cheong-hun Kang steals 2nd base
2-1: Ball
3-1: SINGLE (Groundball, 6M) (infield hit)
Cheong-hun Kang to third
Batting: LHB Ryan Dudley 0-0: Foul Ball, location: 2F
0-1: Foul Ball, location: 2F
0-2: SINGLE (Groundball, 4D)
Cheong-hun Kang scores
John Mayasich to second
Runner from 2nd tries for 3rd, SAFE, no throw
Batting: RHB Jeff Perkins 0-0: Fly out, F8 (Flyball, 8RD)
Runner from 3rd tags up, SCORES, throw made
Now in CF: Richard Mullins
Batting: LHB Don Mosley 0-0: Foul Ball, location: 2F
0-1: Swinging Strike
Pickoff Throw to First - Error! E1
Ryan Dudley to second
0-2: Ball
1-2: Ball
2-2: Strikes out swinging
Top of the 3rd over - 4 runs, 5 hits, 1 error, 1 left on base; Staten Island 6 - Amarillo 0
BOTTOM OF THE 3RD
Amarillo Warheads batting - Pitching for Staten Island Pizza Rats : RHP Teok-kyu Ch'oe
Batting: RHB Kiyohira Kan 0-0: Swinging Strike
0-1: Ball
1-1: Fly out, F3 (Popup, 3)
Batting: RHB Geoff May 0-0: Ball
1-0: Foul Ball, location: 2F
1-1: Fly out, F9 (Flyball, 89M)
Batting: RHB Scott Pearson 0-0: Swinging Strike
0-1: Foul Ball, location: 2F
0-2: Foul Ball, location: 2F
0-2: Ball
1-2: Foul Ball, location: 2F
1-2: Foul Ball, location: 2F
1-2: Foul Ball, location: 2F
1-2: Ball
2-2: Fly out, F7 (Flyball, 78M)
Bottom of the 3rd over - 0 runs, 0 hits, 0 errors, 0 left on base; Staten Island 6 - Amarillo 0
TOP OF THE 4TH
Staten Island Pizza Rats batting - Pitching for Amarillo Warheads : RHP César Morales
Batting: LHB Andrés Rodríguez 0-0: Ball
1-0: Ball
2-0: Ball
3-0: Called Strike
3-1: Base on Balls
Pitching: RHP Ed Barrick
Batting: RHB Carlos Gonzáles 0-0: SINGLE (Line Drive, 9S)
Andrés Rodríguez to second
Batting: LHB Dallas McMurran 0-0: Foul Ball, location: 2F
0-1: Ball
1-1: Foul Ball, location: 2F
1-2: Ball
Wild Pitch!
Andrés Rodríguez to third
Carlos Gonzáles to second
2-2: Strikes out swinging
Batting: SHB Cheong-hun Kang 0-0: Called Strike
0-1: Ball
1-1: Ball
2-1: Swinging Strike
2-2: Ball
3-2: SINGLE (Line Drive, 4MD)
Andrés Rodríguez scores
Carlos Gonzáles to third
Runner from 3rd tries for Home, SAFE, no throw
Batting: RHB Héctor Amaya 0-0: Called Strike
0-1: Called Strike
0-2: Strikes out swinging
Batting: RHB John Mayasich 0-0: Ball
Cheong-hun Kang steals 2nd base
1-0: Called Strike
1-1: Swinging Strike
1-2: Ball
2-2: Foul Ball, location: 2F
2-2: Foul Ball, location: 2F
2-2: Ball
3-2: Base on Balls
Batting: LHB Ryan Dudley 0-0: Foul Ball, location: 2F
0-1: Swinging Strike
0-2: Ball
1-2: Strikes out looking
Top of the 4th over - 2 runs, 2 hits, 0 errors, 2 left on base; Staten Island 8 - Amarillo 0
BOTTOM OF THE 4TH
Amarillo Warheads batting - Pitching for Staten Island Pizza Rats : RHP Teok-kyu Ch'oe
Batting: SHB John Wilder 0-0: Ball
1-0: Foul Ball, location: 2F
1-1: DOUBLE (Flyball, 78D)
Batting: RHB Salvadaro Sarachaga 0-0: Foul Ball, location: 2F
0-1: Foul Ball, location: 2F
0-2: Ball
1-2: Foul Ball, location: 2F
1-2: Ball
2-2: Ground out 5-3 (Groundball, 5)
Batting: RHB Joe Rodgers 0-0: SINGLE (Groundball, 6MD)
John Wilder to third
Runner from 3rd tries for Home, SAFE, no throw
Batting: SHB Takechi Yamashita 0-0: Swinging Strike
0-1: Foul Ball, location: 2F
0-2: Strikes out swinging
Batting: SHB Richard Mullins 0-0: Fly out, F7 (Flyball, 78S)
Bottom of the 4th over - 1 run, 2 hits, 0 errors, 1 left on base; Staten Island 8 - Amarillo 1
TOP OF THE 5TH
Staten Island Pizza Rats batting - Pitching for Amarillo Warheads : RHP Ed Barrick
Batting: RHB Jeff Perkins 0-0: Fly out, F5 (Popup, 5F)
Batting: LHB Don Mosley 0-0: Foul Ball, location: 2F
0-1: Called Strike
0-2: Ball
1-2: Ball
2-2: Ball
3-2: Base on Balls
Batting: LHB Andrés Rodríguez 0-0: Foul Ball, location: 2F
0-1: Ball
1-1: Foul Ball, location: 2F
1-2: Ball
2-2: Ball
3-2: Foul Ball, location: 2F
3-2: Grounds into double play, 5-4-3 (Groundball, 5)
Top of the 5th over - 0 runs, 0 hits, 0 errors, 0 left on base; Staten Island 8 - Amarillo 1
BOTTOM OF THE 5TH
Amarillo Warheads batting - Pitching for Staten Island Pizza Rats : RHP Teok-kyu Ch'oe
Batting: RHB John Steele 0-0: Ball
1-0: Ball
2-0: Ball
3-0: Called Strike
3-1: Base on Balls
Batting: RHB Kiyohira Kan 0-0: Called Strike
0-1: Fly out, F9 (Flyball, 9LS)
Batting: RHB Geoff May 0-0: Grounds into double play, 6-4-3 (Groundball, 6)
Bottom of the 5th over - 0 runs, 0 hits, 0 errors, 0 left on base; Staten Island 8 - Amarillo 1
TOP OF THE 6TH
Staten Island Pizza Rats batting - Pitching for Amarillo Warheads : RHP Ed Barrick
Batting: RHB Carlos Gonzáles 0-0: Ball
1-0: SINGLE (Groundball, 6MD)
Batting: LHB Dallas McMurran 0-0: Called Strike
0-1: Foul Ball, location: 2F
0-2: Foul Ball, location: 2F
0-2: Foul Ball, location: 2F
0-2: Foul Ball, location: 2F
0-2: Ball
1-2: Ball
2-2: Ball
3-2: DOUBLE (Flyball, 78D)
Carlos Gonzáles to third
Batting: SHB Cheong-hun Kang 0-0: Ball
1-0: Ball
2-0: Ground out U3 (Groundball, 3)
Batting: RHB Héctor Amaya 0-0: Ground out 1-3 (Groundball, 13S)
Batting: RHB John Mayasich 0-0: Ball
1-0: Called Strike
1-1: Foul Ball, location: 2F
1-2: Ball
2-2: Ball
3-2: Ground out 6-3 (Groundball, 6)
Top of the 6th over - 0 runs, 2 hits, 0 errors, 2 left on base; Staten Island 8 - Amarillo 1
BOTTOM OF THE 6TH
Amarillo Warheads batting - Pitching for Staten Island Pizza Rats : RHP Teok-kyu Ch'oe
Batting: RHB Scott Pearson 0-0: Swinging Strike
0-1: Called Strike
0-2: Ball
1-2: Ball
2-2: TRIPLE (Flyball, 89XD)
Batting: SHB John Wilder 0-0: Foul Ball, location: 2F
0-1: Ball
1-1: Ground out 4-3 (Groundball, 4S)
Scott Pearson scores
Batting: RHB Salvadaro Sarachaga 0-0: Ball
1-0: Called Strike
1-1: Foul Ball, location: 2F
1-2: Ball
2-2: Strikes out swinging
Batting: RHB Joe Rodgers 0-0: Ball
1-0: Called Strike
1-1: Ball
2-1: SINGLE (Groundball, 34D)
Batting: SHB Takechi Yamashita 0-0: Called Strike
0-1: Ball
1-1: Ball
2-1: Ball
3-1: Fielders Choice at 2nd, 6-4 (Groundball, 6)
Bottom of the 6th over - 1 run, 2 hits, 0 errors, 1 left on base; Staten Island 8 - Amarillo 2
TOP OF THE 7TH
Staten Island Pizza Rats batting - Pitching for Amarillo Warheads : RHP Ed Barrick
Batting: LHB Ryan Dudley 0-0: Foul Ball, location: 2F
0-1: Called Strike
0-2: Strikes out swinging
Batting: RHB Jeff Perkins 0-0: Called Strike
0-1: Ball
1-1: SINGLE (Flyball, 89S) - OUT at second base trying to stretch hit.
Batting: LHB Don Mosley 0-0: Ball
1-0: Foul Ball, location: 2F
1-1: Called Strike
1-2: Strikes out looking
Top of the 7th over - 0 runs, 1 hit, 0 errors, 0 left on base; Staten Island 8 - Amarillo 2
BOTTOM OF THE 7TH
Amarillo Warheads batting - Pitching for Staten Island Pizza Rats : RHP Teok-kyu Ch'oe
Batting: SHB Richard Mullins 0-0: Foul Ball, location: 2F
0-1: Foul Ball, location: 2F
0-2: Ball
1-2: Ball
2-2: Fly out, F7 (Flyball, 7D)
Batting: RHB John Steele 0-0: Foul Ball, location: 2F
0-1: Ball
1-1: SINGLE (Groundball, 56D)
Batting: RHB Kiyohira Kan 0-0: Ball
1-0: Swinging Strike
1-1: Foul Ball, location: 2F
1-2: Ground out 5-3 (Groundball, 56)
John Steele to second
Pitching: RHP José Salinas
Batting: RHB Geoff May 0-0: Called Strike
0-1: Ball
1-1: Ground out 4-3 (Groundball, 34D)
Bottom of the 7th over - 0 runs, 1 hit, 0 errors, 1 left on base; Staten Island 8 - Amarillo 2
TOP OF THE 8TH
Staten Island Pizza Rats batting - Pitching for Amarillo Warheads : RHP Ed Barrick
Batting: LHB Andrés Rodríguez 0-0: Called Strike
0-1: Foul Ball, location: 2F
0-2: Foul Ball, location: 2F
0-2: Ball
1-2: Ball
2-2: Foul Ball, location: 2F
2-2: Ball
3-2: Ground out 6-3 (Groundball, 6)
Batting: RHB Carlos Gonzáles 0-0: Ball
1-0: Ball
2-0: Called Strike
2-1: Foul Ball, location: 2F
2-2: Foul Ball, location: 2F
2-2: Ground out 1-3 (Groundball, 13S)
Batting: LHB Dallas McMurran 0-0: Called Strike
0-1: Ball
1-1: Foul Ball, location: 2F
1-2: Ball
2-2: Ball
3-2: TRIPLE (Flyball, 9D)
Batting: SHB Cheong-hun Kang 0-0: SINGLE (Line Drive, 4)
Dallas McMurran scores
Pitching: RHP Volmer Roseboom
Pinch Hitting: RHB Jesús Corona 0-0: Called Strike
0-1: Ball
1-1: Ball
2-1: Swinging Strike
2-2: Ball
3-2: SINGLE (Groundball, 5S) (infield hit)
Cheong-hun Kang to second
Batting: RHB John Mayasich 0-0: Ball
1-0: Called Strike
1-1: Foul Ball, location: 2F
1-2: Foul Ball, location: 2F
1-2: Ball
2-2: Fly out, F4 (Popup, 4)
Top of the 8th over - 1 run, 3 hits, 0 errors, 2 left on base; Staten Island 9 - Amarillo 2
BOTTOM OF THE 8TH
Amarillo Warheads batting - Pitching for Staten Island Pizza Rats : RHP José Salinas
Now in RF: Jesús Corona
Batting: RHB Scott Pearson 0-0: Called Strike
0-1: Ball
1-1: Foul Ball, location: 2F
1-2: SINGLE (Groundball, 6MD)
Batting: SHB John Wilder 0-0: Called Strike
0-1: Foul Ball, location: 2F
0-2: Ground out 3-1 (Groundball, 34S)
Scott Pearson to second
Batting: RHB Salvadaro Sarachaga 0-0: Foul Ball, location: 2F
0-1: Foul Ball, location: 2F
0-2: Ball
1-2: Ball
2-2: Ball
3-2: Foul Ball, location: 2F
3-2: Strikes out swinging
Batting: RHB Joe Rodgers 0-0: Ball
1-0: Foul Ball, location: 2F
1-1: Ball
2-1: Fly out, F8 (Flyball, 8RS)
Bottom of the 8th over - 0 runs, 1 hit, 0 errors, 1 left on base; Staten Island 9 - Amarillo 2
TOP OF THE 9TH
Staten Island Pizza Rats batting - Pitching for Amarillo Warheads : RHP Volmer Roseboom
Batting: LHB Ryan Dudley 0-0: Fly out, F9 (Flyball, 9)
Batting: RHB Jeff Perkins 0-0: Ground out 4-3 (Groundball, 4)
Batting: LHB Don Mosley 0-0: Ball
1-0: Foul Ball, location: 2F
1-1: Foul Ball, location: 2F
1-2: Ball
2-2: Ball
3-2: Foul Ball, location: 2F
3-2: Ground out 4-3 (Groundball, 34D)
Top of the 9th over - 0 runs, 0 hits, 0 errors, 0 left on base; Staten Island 9 - Amarillo 2
BOTTOM OF THE 9TH
Amarillo Warheads batting - Pitching for Staten Island Pizza Rats : RHP José Salinas
Now at C: Tadao Tsukamoto
Batting: SHB Takechi Yamashita 0-0: Ball
1-0: Ball
2-0: Ball
3-0: Called Strike
3-1: Base on Balls
Batting: SHB Richard Mullins 0-0: Ball
1-0: Called Strike
1-1: Ball
2-1: Called Strike
2-2: Strikes out swinging
Batting: RHB John Steele 0-0: Called Strike
0-1: Foul Ball, location: 2F
0-2: Ball
1-2: Ball
2-2: Strikes out swinging
Batting: RHB Kiyohira Kan 0-0: Swinging Strike
0-1: DOUBLE (Line Drive, 7LM)
Takechi Yamashita to third
Batting: RHB Geoff May 0-0: Called Strike
0-1: Ball
1-1: Ball
2-1: Swinging Strike
2-2: Ball
3-2: SINGLE (Groundball, 56D)
Takechi Yamashita scores
Kiyohira Kan to third
Kiyohira Kan scores
Batting: RHB Scott Pearson 0-0: Called Strike
0-1: Called Strike
0-2: Strikes out swinging, 2-3 out at first.
Bottom of the 9th over - 2 runs, 2 hits, 0 errors, 1 left on base; Staten Island 9 - Amarillo 4
Wednesday, September 19th, 2018 - OOTP Baseball 18.8 Build 76